Manitoba Moose vs Toronto Marlies

Created - 8 janvier 2018 at 15:34

Goals
1 2 3 OT1 T
Manitoba Moose 1 1 1 1 4
Toronto Marlies 0 2 1 0 3
Shots
1 2 3 OT1 T
Manitoba Moose 7 18 7 2 34
Toronto Marlies 13 9 6 0 28

1st period

1. Manitoba Moose , Jason Dickinson 26 (Brandon Tanev 2) at 9:18

Penalties :
Ryan Garbutt (MOO) for Holding (Minor) at 13:33

2nd period

2. Toronto Marlies , Nicklas Jensen 8 (Emile Poirier 17, Andrew MacWilliam 13) at 2:55
3. Manitoba Moose , Matt Lorito 13 (Matt Frattin 17) at 12:26
4. Toronto Marlies , Mikhail Sergachev 1 (Nicklas Jensen 7, Eddie Pasquale) at 17:26 (PP)

Penalties :
Dennis Robertson (MAR) for Fighting (Major) at 1:21, Adam Pardy (MOO) for Fighting (Major) at 1:21, Mitchell Heard (MAR) for Roughing (Double Minor) at 12:39, Chris Neil (MOO) for Holding (Minor) at 17:06

3rd period

5. Manitoba Moose , Justin Fontaine 18 (Matt Beleskey 2, Ryan Craig 14) at 6:19 (PP)
6. Toronto Marlies , Michael Mersch 21 (Nicklas Jensen 8) at 13:37

Penalties :
Ryan Stanton (MAR) for Tripping (Minor) at 4:43

Overtime #1

7. Manitoba Moose , Matt Beleskey 2 (Justin Fontaine 15) at 0:16

Penalties :
No Penalty

Goalie Stats

Christopher Gibson (MOO), 25 saves from 28 shots - (0,893), W, 10-4-2, 60:16 minutes
Eddie Pasquale (MAR), 30 saves from 34 shots - (0,882), OTL, 0-3-1, 60:16 minutes

Players Stats for Manitoba Moose

Player Name              G  A  P  +/- PIM S  H  SB GA TA FO     MP     PP MP  PK MP  
------------------------------------------------------------------------------------
Adam Pardy               0  0  0   0  5   0  1  1  0  0  0/0    17:54   2:06   0:45 
Brandon Gormley          0  0  0   0  0   0  2  0  0  0  0/0    14:46   0:48   0:00 
Brandon Tanev            0  1  1   0  0   2  1  0  0  0  0/0     9:13   0:00   0:00 
Brian Lashoff            0  0  0   1  0   0  3  0  0  0  0/0    27:15   2:41   1:34 
Chris Neil               0  0  0   0  2   1  1  0  0  0  0/0    10:12   0:54   0:00 
Denis Gurianov           0  0  0   0  0   0  0  0  0  0  0/0     1:36   0:54   0:22 
Derek Dorsett            0  0  0  -1  0   1  1  1  0  0  0/0    12:47   0:04   0:31 
Grayson Downing          0  0  0  -1  0   0  0  0  0  0  3/4    11:43   0:00   0:00 
Jake Chelios             0  0  0   0  0   0  0  0  0  0  0/0    13:41   0:48   0:00 
Jason Dickinson          1  0  1   0  0   4  0  0  0  0  4/6     9:19   0:00   0:00 
Justin Fontaine          1  1  2   1  0   9  1  1  0  0  0/0    21:07   2:15   1:24 
Jyrki Jokipakka          0  0  0   1  0   1  1  2  2  1  0/0    23:30   2:41   1:34 
Matt Beleskey            1  1  2   1  0   4  0  0  2  0  3/4    20:54   2:11   1:15 
Matt Frattin             0  1  1   1  0   5  0  0  2  0  1/1    16:31   2:26   0:33 
Matt Lorito              1  0  1   1  0   4  2  0  1  0  0/0    16:31   2:26   0:33 
Nate Guenin              0  0  0   0  0   1  0  1  0  0  0/0    18:59   2:06   0:45 
Ryan Craig               0  1  1   0  0   0  1  0  1  0  12/22  19:27   2:15   0:00 
Ryan Garbutt             0  0  0   1  2   1  3  0  0  0  5/10   15:57   2:26   0:00 
Ryan Hamilton            0  0  0  -1  0   1  2  0  1  0  1/1    12:57   0:54   0:00 
Samuel Morin             0  0  0   0  0   0  0  0  0  0  0/0     4:23   0:00   0:00 

Players Stats for Toronto Marlies

Player Name              G  A  P  +/- PIM S  H  SB GA TA FO     MP     PP MP  PK MP  
------------------------------------------------------------------------------------
Andrew MacWilliam        0  1  1   1  0   0  0  0  0  1  0/0    19:57   0:42   2:19 
Brent Regner             0  0  0   0  0   0  1  0  0  0  0/0    12:51   0:00   0:00 
Dennis Robertson         0  0  0   0  5   1  1  0  0  1  0/0    17:49   0:42   2:19 
Emile Poirier            0  1  1   1  0   0  1  0  0  0  0/0    18:25   0:05   1:49 
Evgeny Svechnikov        0  0  0   0  0   7  1  0  0  1  2/3    24:08   1:18   1:22 
Jan Kostalek             0  0  0  -1  0   0  0  0  0  0  0/1     6:01   0:05   0:27 
Josh Archibald           0  0  0  -1  0   2  4  1  0  0  1/3    22:00   0:56   1:22 
Kyle Schempp             0  0  0  -1  0   1  1  1  0  0  2/9    18:13   0:56   1:12 
Michael Mersch           1  0  1   0  0   2  2  1  0  1  1/1    23:12   0:56   2:18 
Mikhail Sergachev        1  0  1  -2  0   4  0  2  1  1  0/0    26:57   1:37   2:48 
Mitchell Heard           0  0  0   0  4   2  0  1  0  1  10/21  19:54   1:18   0:37 
Nicklas Jensen           1  2  3   0  0   8  0  1  0  2  3/10   26:41   1:18   2:21 
Rinat Valiev             0  0  0   1  0   0  0  0  0  0  0/0     4:18   0:00   0:00 
Ryan Horvat              0  0  0   0  0   0  3  1  0  0  0/0    14:39   0:05   0:09 
Ryan Stanton             0  0  0   0  2   0  0  0  0  1  0/0    12:50   0:00   0:00 
Travis Dermott           0  0  0   0  0   0  0  0  0  0  0/0     3:45   0:00   0:00 
Will O'Neill             0  0  0  -2  0   1  1  2  0  0  0/0    23:13   1:37   2:49 
Zach Leslie              0  0  0   0  0   0  0  0  0  0  0/0     0:33   0:00   0:28 

3 Stars

1 - Justin Fontaine (MOO)
2 - Nicklas Jensen (MAR)
3 - Matt Beleskey (MOO)

Power Play

Manitoba Moose - 1 on 3 Attempt(s) - 33,33%
Toronto Marlies - 1 on 2 Attempt(s) - 50,00%

Penalty Kill

Manitoba Moose - 1 on 2 Attempt(s) - 50,00% - Score 0 goal in Penalty Kill
Toronto Marlies - 2 on 3 Attempt(s) - 66,67% - Score 0 goal in Penalty Kill

Team Stat

Manitoba Moose - Hits : 19 - Faceoff Wins : 29 - Blocked Shots : 6 - Penalty Minutes : 9
Toronto Marlies - Hits : 15 - Faceoff Wins : 19 - Blocked Shots : 10 - Penalty Minutes : 11

Official

Referees : Chris Rooney and Wes McCauley
Linesman : Andy McElman and Devin Berg

Game Notes

Dennis Robertson beats up Adam Pardy at 1:21 of 2nd period

Finance

Level 1 -- Attendance: 1480 (74,00%) -- Ticket Income 37 000 $
Level 2 -- Attendance: 752 (75,20%) -- Ticket Income 9 024 $
Total Attendance: 2232 (74,40%)
Total Ticket Income: 46 024 $
Other Income: 22 552 $
Total Income: 68 576 $

Manitoba Moose

5 vs 5 Forward 
   Center                   Left Wing                Right Wing               Time % Phy DF OF 
 1 Ryan Craig               Matt Beleskey            Justin Fontaine          40     1   2  2  
 2 Ryan Garbutt             Matt Frattin             Matt Lorito              30     1   2  2  
 3 Grayson Downing          Ryan Hamilton            Derek Dorsett            20     1   2  2  
 4 Jason Dickinson          Brandon Tanev            Chris Neil               10     1   2  2  

5 vs 5 Defense 
   Defense                  Defense                                           Time % Phy DF OF 
 1 Brian Lashoff            Jyrki Jokipakka                                   40     1   2  2  
 2 Adam Pardy               Nate Guenin                                       30     1   2  2  
 3 Brandon Gormley          Jake Chelios                                      20     1   2  2  
 4 Samuel Morin             Brian Lashoff                                     10     1   2  2  

PowerPlay Forward 
   Center                   Left Wing                Right Wing               Time % Phy DF OF 
 1 Ryan Craig               Matt Beleskey            Justin Fontaine          60     1   2  2  
 2 Ryan Garbutt             Matt Frattin             Matt Lorito              40     1   2  2  

PowerPlay Defense
   Defense                  Defense                                           Time % Phy DF OF 
 1 Brian Lashoff            Jyrki Jokipakka                                   60     1   2  2  
 2 Adam Pardy               Nate Guenin                                       40     1   2  2  

Penalty Kill 4 Players Forward 
   Center                   Wing                     Time % Phy DF OF 
 1 Matt Beleskey            Justin Fontaine          60     1   2  2  
 2 Matt Frattin             Matt Lorito              40     1   2  2  

Penalty Kill 4 Players Defense
   Defense                  Defense                  Time % Phy DF OF 
 1 Brian Lashoff            Jyrki Jokipakka          60     1   2  2  
 2 Adam Pardy               Nate Guenin              40     1   2  2  

Penalty Kill - 3 Players Forward 
   Forward                                           Time % Phy DF OF 
 1 Matt Beleskey                                     60     1   2  2  
 2 Justin Fontaine                                   40     1   2  2  

Penalty Kill - 3 Players Defense
   Defense                  Defense                  Time % Phy DF OF 
 1 Brian Lashoff            Jyrki Jokipakka          60     1   2  2  
 2 Adam Pardy               Nate Guenin              40     1   2  2  

4 vs 4 Forward 
   Center                   Wing                     Time % Phy DF OF 
 1 Matt Beleskey            Justin Fontaine          60     1   2  2  
 2 Matt Frattin             Matt Lorito              40     1   2  2  

4 vs 4 Defense
   Defense                  Defense                  Time % Phy DF OF 
 1 Brian Lashoff            Jyrki Jokipakka          60     1   2  2  
 2 Adam Pardy               Nate Guenin              40     1   2  2  

Last Minutes Offensive
   Center                   Left Wing                Right Wing               Defense                  Defense                  
   Ryan Craig               Matt Beleskey            Justin Fontaine          Brian Lashoff            Jyrki Jokipakka          

Last Minutes Defensive
   Center                   Left Wing                Right Wing               Defense                  Defense                  
   Ryan Craig               Matt Beleskey            Justin Fontaine          Brian Lashoff            Jyrki Jokipakka          

Goaltenders
Starting : Christopher Gibson       
Backup : Jordan Binnington        

Extra Forwards
Normal : Denis Gurianov, Ryan Hamilton, Derek Dorsett - PP : Denis Gurianov, Ryan Hamilton - PK : Derek Dorsett
Extra Defensemen
Normal : Brandon Gormley, Jake Chelios, Samuel Morin - PP : Brandon Gormley - PK : Jake Chelios, Samuel Morin
Penalty Shots
Matt Beleskey, Justin Fontaine, Matt Frattin, Matt Lorito, Ryan Hamilton

Scratches
Matt Grzelcyk (Healthy), Felix Girard (Healthy), Ben Sexton (Healthy), Tim Kennedy (Healthy), Thomas Schemitsch (Healthy)
Daniel Pribyl (Healthy), Reece Scarlett (Healthy)

Toronto Marlies

5 vs 5 Forward 
   Center                   Left Wing                Right Wing               Time % Phy DF OF 
 1 Mitchell Heard           Nicklas Jensen           Evgeny Svechnikov        40     1   2  2  
 2 Kyle Schempp             Michael Mersch           Josh Archibald           30     1   2  2  
 3 Nicklas Jensen           Emile Poirier            Michael Mersch           20     1   2  2  
 4 Evgeny Svechnikov        Ryan Horvat              Josh Archibald           10     1   2  2  

5 vs 5 Defense 
   Defense                  Defense                                           Time % Phy DF OF 
 1 Mikhail Sergachev        Will O'Neill                                      40     1   2  2  
 2 Dennis Robertson         Andrew MacWilliam                                 30     1   2  2  
 3 Brent Regner             Ryan Stanton                                      20     1   2  2  
 4 Mikhail Sergachev        Travis Dermott                                    10     1   2  2  

PowerPlay Forward 
   Center                   Left Wing                Right Wing               Time % Phy DF OF 
 1 Mitchell Heard           Nicklas Jensen           Evgeny Svechnikov        60     1   2  2  
 2 Kyle Schempp             Michael Mersch           Josh Archibald           40     1   2  2  

PowerPlay Defense
   Defense                  Defense                                           Time % Phy DF OF 
 1 Mikhail Sergachev        Will O'Neill                                      60     1   2  2  
 2 Dennis Robertson         Andrew MacWilliam                                 40     1   2  2  

Penalty Kill 4 Players Forward 
   Center                   Wing                     Time % Phy DF OF 
 1 Nicklas Jensen           Michael Mersch           60     1   2  2  
 2 Evgeny Svechnikov        Josh Archibald           40     1   2  2  

Penalty Kill 4 Players Defense
   Defense                  Defense                  Time % Phy DF OF 
 1 Mikhail Sergachev        Will O'Neill             60     1   2  2  
 2 Dennis Robertson         Andrew MacWilliam        40     1   2  2  

Penalty Kill - 3 Players Forward 
   Forward                                           Time % Phy DF OF 
 1 Nicklas Jensen                                    60     1   2  2  
 2 Michael Mersch                                    40     1   2  2  

Penalty Kill - 3 Players Defense
   Defense                  Defense                  Time % Phy DF OF 
 1 Mikhail Sergachev        Will O'Neill             60     1   2  2  
 2 Dennis Robertson         Andrew MacWilliam        40     1   2  2  

4 vs 4 Forward 
   Center                   Wing                     Time % Phy DF OF 
 1 Nicklas Jensen           Michael Mersch           60     1   2  2  
 2 Evgeny Svechnikov        Josh Archibald           40     1   2  2  

4 vs 4 Defense
   Defense                  Defense                  Time % Phy DF OF 
 1 Mikhail Sergachev        Will O'Neill             60     1   2  2  
 2 Dennis Robertson         Andrew MacWilliam        40     1   2  2  

Last Minutes Offensive
   Center                   Left Wing                Right Wing               Defense                  Defense                  
   Mitchell Heard           Nicklas Jensen           Evgeny Svechnikov        Mikhail Sergachev        Will O'Neill             

Last Minutes Defensive
   Center                   Left Wing                Right Wing               Defense                  Defense                  
   Mitchell Heard           Nicklas Jensen           Evgeny Svechnikov        Mikhail Sergachev        Will O'Neill             

Goaltenders
Starting : Eddie Pasquale           
Backup : Martin Ouellette         

Extra Forwards
Normal : Emile Poirier, Ryan Horvat, Mitchell Heard - PP : Emile Poirier, Ryan Horvat - PK : Mitchell Heard
Extra Defensemen
Normal : Rinat Valiev, Zach Leslie, Jan Kostalek - PP : Rinat Valiev - PK : Zach Leslie, Jan Kostalek
Penalty Shots
Nicklas Jensen, Michael Mersch, Evgeny Svechnikov, Josh Archibald, Emile Poirier

Scratches
Josiah Didier (Healthy), Chris Driedger (Healthy), Jonas Johansson (Healthy)

% Time on Ice - Manitoba Moose

Lines # - Real PCT - Wanted PCT - Time Play
Normal Forward
1 - 34% - 40% - 17:38
2 - 26% - 30% - 13:32
3 - 22% - 20% - 11:43
4 - 18% - 10% - 9:13
Normal Defense
1 - 36% - 40% - 18:59
2 - 31% - 30% - 16:08
3 - 24% - 20% - 12:36
4 - 8% - 10% - 4:23
PP Forward
1 - 56% - 60% - 3:09
2 - 44% - 40% - 2:26
PP Defense
1 - 62% - 60% - 3:29
2 - 38% - 40% - 2:06
PK Forward
1 - 76% - 60% - 1:46
2 - 24% - 40% - 0:33
PK Defense
1 - 68% - 60% - 1:34
2 - 32% - 40% - 0:45
PK3 Forward
1 - 0% - 60%
2 - 0% - 40%
PK3 Defense
1 - 0% - 60%
2 - 0% - 40%
44 Forward
1 - 100% - 60% - 0:16
2 - 0% - 40% - 0:00
44 Defense
1 - 100% - 60% - 0:16
2 - 0% - 40% - 0:00
Last Minute Offensive  - 0:00
Last Minute Defensive  - 0:00
Total
Forward - 60:16
Defense - 60:16

% Time on Ice - Toronto Marlies

Lines # - Real PCT - Wanted PCT - Time Play
Normal Forward
1 - 33% - 40% - 17:05
2 - 35% - 30% - 18:18
3 - 17% - 20% - 8:45
4 - 15% - 10% - 7:58
Normal Defense
1 - 36% - 40% - 18:34
2 - 33% - 30% - 16:56
3 - 25% - 20% - 12:51
4 - 7% - 10% - 3:45
PP Forward
1 - 60% - 60% - 1:23
2 - 40% - 40% - 0:56
PP Defense
1 - 70% - 60% - 1:37
2 - 30% - 40% - 0:42
PK Forward
1 - 76% - 60% - 4:13
2 - 24% - 40% - 1:22
PK Defense
1 - 59% - 60% - 3:16
2 - 41% - 40% - 2:19
PK3 Forward
1 - 0% - 60%
2 - 0% - 40%
PK3 Defense
1 - 0% - 60%
2 - 0% - 40%
44 Forward
1 - 100% - 60% - 0:16
2 - 0% - 40% - 0:00
44 Defense
1 - 100% - 60% - 0:16
2 - 0% - 40% - 0:00
Last Minute Offensive  - 0:00
Last Minute Defensive  - 0:00
Total
Forward - 60:16
Defense - 60:16

Play by Play

1st period


0:01 of 1st period - Mitchell Heard wins face-off versus Ryan Craig in neutral zone.
0:10 of 1st period - Slapshot by Mikhail Sergachev.
0:10 of 1st period - Stopped by Christopher Gibson with a rebound.
0:12 of 1st period - Wrist shot by Evgeny Svechnikov.
0:12 of 1st period - Shot Misses the Net.
0:16 of 1st period - Slapshot by Mikhail Sergachev.
0:16 of 1st period - Shot Blocked by Justin Fontaine.
1:26 of 1st period - Snap shot by Justin Fontaine.
1:26 of 1st period - Stopped by Eddie Pasquale with a rebound.
1:28 of 1st period - Slapshot by Nate Guenin.
1:28 of 1st period - Shot Misses the Net.
1:50 of 1st period - Matt Frattin is hit by Josh Archibald and loses puck.
2:15 of 1st period - Slapshot by Chris Neil.
2:15 of 1st period - Deflect By Mikhail Sergachev.
2:15 of 1st period - Shot Misses the Net.
2:15 of 1st period - Puck is out of play.
2:16 of 1st period - Jason Dickinson wins face-off versus Josh Archibald in Toronto Marlies zone.
2:47 of 1st period - Wrist shot by Justin Fontaine.
2:47 of 1st period - Shot Misses the Net.
3:08 of 1st period - Snap shot by Matt Lorito.
3:08 of 1st period - Deflect By Matt Frattin.
3:08 of 1st period - Stopped by Eddie Pasquale with a rebound.
3:10 of 1st period - Wrist shot by Ryan Garbutt.
3:10 of 1st period - Shot Misses the Net.
3:12 of 1st period - Snap shot by Matt Lorito.
3:12 of 1st period - Shot Misses the Net.
4:34 of 1st period - Snap shot by Nicklas Jensen.
4:34 of 1st period - Stopped by Christopher Gibson without a rebound.
4:35 of 1st period - Mitchell Heard wins face-off versus Ryan Garbutt in Manitoba Moose zone.
4:44 of 1st period - Snap shot by Mitchell Heard.
4:44 of 1st period - Stopped by Christopher Gibson with a rebound.
4:46 of 1st period - Slapshot by Dennis Robertson.
4:46 of 1st period - Stopped by Christopher Gibson without a rebound.
4:47 of 1st period - Michael Mersch wins face-off versus Ryan Craig in Manitoba Moose zone.
7:00 of 1st period - Wrist shot by Matt Frattin.
7:00 of 1st period - Stopped by Eddie Pasquale with a rebound.
9:12 of 1st period - Wrist shot by Brandon Tanev.
9:12 of 1st period - Stopped by Eddie Pasquale without a rebound.
9:13 of 1st period - Jason Dickinson wins face-off versus Jan Kostalek in Toronto Marlies zone.
9:16 of 1st period - Slapshot by Brandon Tanev.
9:16 of 1st period - Shot Misses the Net.
9:18 of 1st period - Snap shot by Jason Dickinson.
9:18 of 1st period - Goal by Jason Dickinson - Manitoba Moose : 1 - Toronto Marlies : 0.
9:19 of 1st period - Mitchell Heard wins face-off versus Ryan Craig in neutral zone.
9:22 of 1st period - Snap shot by Nicklas Jensen.
9:22 of 1st period - Stopped by Christopher Gibson with a rebound.
9:24 of 1st period - Snap shot by Nicklas Jensen.
9:24 of 1st period - Stopped by Christopher Gibson with a rebound.
9:26 of 1st period - Wrist shot by Evgeny Svechnikov.
9:26 of 1st period - Stopped by Christopher Gibson with a rebound.
9:44 of 1st period - Matt Frattin is hit by Josh Archibald and loses puck.
10:59 of 1st period - Icing by Justin Fontaine.
11:00 of 1st period - Mitchell Heard wins face-off versus Ryan Garbutt in Manitoba Moose zone.
11:01 of 1st period - Snap shot by Evgeny Svechnikov.
11:01 of 1st period - Stopped by Christopher Gibson with a rebound.
11:03 of 1st period - Wrist shot by Evgeny Svechnikov.
11:03 of 1st period - Stopped by Christopher Gibson with a rebound.
11:05 of 1st period - Slapshot by Mitchell Heard.
11:05 of 1st period - Stopped by Christopher Gibson with a rebound.
11:07 of 1st period - Snap shot by Evgeny Svechnikov.
11:07 of 1st period - Stopped by Christopher Gibson without a rebound.
11:08 of 1st period - Mitchell Heard wins face-off versus Ryan Craig in Manitoba Moose zone.
11:11 of 1st period - Wrist shot by Nicklas Jensen.
11:11 of 1st period - Stopped by Christopher Gibson without a rebound.
11:12 of 1st period - Ryan Craig wins face-off versus Mitchell Heard in Manitoba Moose zone.
11:18 of 1st period - Snap shot by Matt Beleskey.
11:18 of 1st period - Stopped by Eddie Pasquale without a rebound.
11:19 of 1st period - Ryan Craig wins face-off versus Nicklas Jensen in Toronto Marlies zone.
11:40 of 1st period - Ryan Craig is hit by Michael Mersch and loses puck.
12:14 of 1st period - Snap shot by Josh Archibald.
12:14 of 1st period - Stopped by Christopher Gibson with a rebound.
12:28 of 1st period - Slapshot by Jason Dickinson.
12:28 of 1st period - Stopped by Eddie Pasquale with a rebound.
12:34 of 1st period - Snap shot by Jason Dickinson.
12:34 of 1st period - Shot Blocked by Josh Archibald.
12:56 of 1st period - Will O'Neill is hit by Ryan Hamilton.
13:33 of 1st period - Minor Penalty to Ryan Garbutt for Holding.
13:34 of 1st period - Matt Beleskey wins face-off versus Mitchell Heard in Manitoba Moose zone.
15:33 of 1st period - Penalty to Ryan Garbutt is over, Ryan Garbutt is back on ice.
15:34 of 1st period - Dennis Robertson is hit by Ryan Garbutt and loses puck.
15:41 of 1st period - Jyrki Jokipakka is hit by Emile Poirier.
16:35 of 1st period - Ryan Craig is hit by Ryan Horvat and loses puck.
16:48 of 1st period - Mikhail Sergachev is hit by Ryan Garbutt and loses puck.
18:32 of 1st period - Emile Poirier is hit by Brandon Tanev and loses puck.
19:25 of 1st period - Nicklas Jensen is hit by Ryan Hamilton and loses puck.
19:37 of 1st period - Andrew MacWilliam is hit by Brian Lashoff and loses puck.
Goals for this period are 1 for Manitoba Moose vs 0 for Toronto Marlies.
Shots for this period are 7 for Manitoba Moose vs 13 for Toronto Marlies.

2nd period


0:01 of 2nd period - Mitchell Heard wins face-off versus Ryan Craig in neutral zone.
0:06 of 2nd period - Snap shot by Justin Fontaine.
0:06 of 2nd period - Shot Misses the Net.
0:08 of 2nd period - Snap shot by Justin Fontaine.
0:08 of 2nd period - Deflect By Matt Beleskey.
0:08 of 2nd period - Shot Blocked by Nicklas Jensen.
0:08 of 2nd period - Puck is out of play.
0:09 of 2nd period - Ryan Craig wins face-off versus Mitchell Heard in Toronto Marlies zone.
0:57 of 2nd period - Nicklas Jensen is hit by Justin Fontaine and loses puck.
1:14 of 2nd period - Slapshot by Matt Beleskey.
1:14 of 2nd period - Stopped by Eddie Pasquale without a rebound.
1:15 of 2nd period - Kyle Schempp wins face-off versus Ryan Garbutt in Toronto Marlies zone.
1:21 of 2nd period - Dennis Robertson beats up Adam Pardy.
1:21 of 2nd period - Penalty to Dennis Robertson for Fighting.
1:21 of 2nd period - Penalty to Adam Pardy for Fighting.
1:22 of 2nd period - Ryan Garbutt wins face-off versus Kyle Schempp in Manitoba Moose zone.
1:29 of 2nd period - Snap shot by Matt Frattin.
1:29 of 2nd period - Stopped by Eddie Pasquale without a rebound.
1:30 of 2nd period - Josh Archibald wins face-off versus Ryan Garbutt in Toronto Marlies zone.
1:30 of 2nd period - Josh Archibald is hit by Ryan Garbutt.
1:40 of 2nd period - Backhand shot by Michael Mersch.
1:40 of 2nd period - Stopped by Christopher Gibson without a rebound.
1:41 of 2nd period - Nicklas Jensen wins face-off versus Ryan Craig in Manitoba Moose zone.
1:54 of 2nd period - Slapshot by Matt Beleskey.
1:54 of 2nd period - Shot Misses the Net.
1:56 of 2nd period - Wrist shot by Justin Fontaine.
1:56 of 2nd period - Stopped by Eddie Pasquale with a rebound.
2:20 of 2nd period - Off-side.
2:21 of 2nd period - Grayson Downing wins face-off versus Nicklas Jensen in neutral zone.
2:26 of 2nd period - Snap shot by Nicklas Jensen.
2:26 of 2nd period - Stopped by Christopher Gibson without a rebound.
2:27 of 2nd period - Grayson Downing wins face-off versus Nicklas Jensen in Manitoba Moose zone.
2:41 of 2nd period - Snap shot by Nicklas Jensen.
2:41 of 2nd period - Shot Misses the Net.
2:55 of 2nd period - Slapshot by Nicklas Jensen.
2:55 of 2nd period - Goal by Nicklas Jensen - Manitoba Moose : 1 - Toronto Marlies : 1.
2:56 of 2nd period - Ryan Craig wins face-off versus Mitchell Heard in neutral zone.
3:03 of 2nd period - Snap shot by Justin Fontaine.
3:03 of 2nd period - Stopped by Eddie Pasquale with a rebound.
3:21 of 2nd period - Jyrki Jokipakka is hit by Will O'Neill and loses puck.
3:44 of 2nd period - Snap shot by Ryan Hamilton.
3:44 of 2nd period - Stopped by Eddie Pasquale without a rebound.
3:45 of 2nd period - Ryan Craig wins face-off versus Nicklas Jensen in Toronto Marlies zone.
4:00 of 2nd period - Slapshot by Justin Fontaine.
4:00 of 2nd period - Shot Misses the Net.
4:08 of 2nd period - Nate Guenin is hit by Michael Mersch and loses puck.
4:35 of 2nd period - Wrist shot by Ryan Hamilton.
4:35 of 2nd period - Deflect By Grayson Downing.
4:35 of 2nd period - Shot Misses the Net.
4:35 of 2nd period - Puck is out of play.
4:36 of 2nd period - Ryan Craig wins face-off versus Evgeny Svechnikov in Toronto Marlies zone.
6:34 of 2nd period - Wrist shot by Justin Fontaine.
6:34 of 2nd period - Shot Blocked by Michael Mersch.
6:36 of 2nd period - Wrist shot by Justin Fontaine.
6:36 of 2nd period - Stopped by Eddie Pasquale without a rebound.
6:37 of 2nd period - Ryan Craig wins face-off versus Kyle Schempp in Toronto Marlies zone.
6:42 of 2nd period - Slapshot by Justin Fontaine.
6:42 of 2nd period - Shot Blocked by Will O'Neill.
6:44 of 2nd period - Slapshot by Ryan Craig.
6:44 of 2nd period - Shot Misses the Net.
6:46 of 2nd period - Snap shot by Matt Beleskey.
6:46 of 2nd period - Shot Blocked by Ryan Horvat.
6:48 of 2nd period - Wrist shot by Matt Beleskey.
6:48 of 2nd period - Shot Blocked by Kyle Schempp.
6:50 of 2nd period - Slapshot by Nate Guenin.
6:50 of 2nd period - Stopped by Eddie Pasquale with a rebound.
6:52 of 2nd period - Snap shot by Justin Fontaine.
6:52 of 2nd period - Stopped by Eddie Pasquale without a rebound.
6:53 of 2nd period - Ryan Garbutt wins face-off versus Mitchell Heard in Toronto Marlies zone.
7:01 of 2nd period - Mikhail Sergachev is hit by Matt Lorito and loses puck.
7:29 of 2nd period - Snap shot by Ryan Garbutt.
7:29 of 2nd period - Stopped by Eddie Pasquale with a rebound.
8:18 of 2nd period - Snap shot by Derek Dorsett.
8:18 of 2nd period - Shot Misses the Net.
8:40 of 2nd period - Brandon Gormley is hit by Kyle Schempp and loses puck.
8:52 of 2nd period - Icing by Emile Poirier.
8:53 of 2nd period - Ryan Garbutt wins face-off versus Kyle Schempp in Toronto Marlies zone.
8:56 of 2nd period - Snap shot by Matt Frattin.
8:56 of 2nd period - Stopped by Eddie Pasquale with a rebound.
8:58 of 2nd period - Slapshot by Nate Guenin.
8:58 of 2nd period - Deflect By Matt Lorito.
8:58 of 2nd period - Shot Misses the Net.
8:58 of 2nd period - Puck is out of play.
8:59 of 2nd period - Ryan Garbutt wins face-off versus Mitchell Heard in Toronto Marlies zone.
9:02 of 2nd period - Snap shot by Matt Lorito.
9:02 of 2nd period - Stopped by Eddie Pasquale with a rebound.
9:04 of 2nd period - Snap shot by Matt Lorito.
9:04 of 2nd period - Stopped by Eddie Pasquale with a rebound.
9:14 of 2nd period - Nicklas Jensen is hit by Adam Pardy and loses puck.
9:37 of 2nd period - Wrist shot by Derek Dorsett.
9:37 of 2nd period - Shot Misses the Net.
10:34 of 2nd period - Backhand shot by Jason Dickinson.
10:34 of 2nd period - Stopped by Eddie Pasquale without a rebound.
10:35 of 2nd period - Mitchell Heard wins face-off versus Jason Dickinson in Toronto Marlies zone.
10:50 of 2nd period - Snap shot by Justin Fontaine.
10:50 of 2nd period - Shot Misses the Net.
11:46 of 2nd period - Snap shot by Derek Dorsett.
11:46 of 2nd period - Stopped by Eddie Pasquale with a rebound.
11:48 of 2nd period - Slapshot by Adam Pardy.
11:48 of 2nd period - Deflect By Grayson Downing.
11:48 of 2nd period - Shot Misses the Net.
11:48 of 2nd period - Puck is out of play.
11:49 of 2nd period - Grayson Downing wins face-off versus Mitchell Heard in Toronto Marlies zone.
12:14 of 2nd period - Snap shot by Matt Beleskey.
12:14 of 2nd period - Stopped by Eddie Pasquale with a rebound.
12:20 of 2nd period - Snap shot by Justin Fontaine.
12:20 of 2nd period - Stopped by Eddie Pasquale without a rebound.
12:21 of 2nd period - Matt Frattin wins face-off versus Kyle Schempp in Toronto Marlies zone.
12:24 of 2nd period - Slapshot by Matt Frattin.
12:24 of 2nd period - Shot Hit the Post.
12:26 of 2nd period - Snap shot by Matt Lorito.
12:26 of 2nd period - Goal by Matt Lorito - Manitoba Moose : 2 - Toronto Marlies : 1.
12:27 of 2nd period - Ryan Craig wins face-off versus Nicklas Jensen in neutral zone.
12:39 of 2nd period - Double Minor Penalty to Mitchell Heard for Roughing.
12:40 of 2nd period - Ryan Craig wins face-off versus Nicklas Jensen in Toronto Marlies zone.
12:42 of 2nd period - Snap shot by Justin Fontaine.
12:42 of 2nd period - Shot Misses the Net.
14:11 of 2nd period - Snap shot by Evgeny Svechnikov.
14:11 of 2nd period - Shot Misses the Net.
14:17 of 2nd period - Justin Fontaine is hit by Josh Archibald.
15:19 of 2nd period - Ryan Garbutt is hit by Josh Archibald and loses puck.
16:39 of 2nd period - Penalty to Mitchell Heard is over, Mitchell Heard is back on ice.
16:41 of 2nd period - Wrist shot by Nicklas Jensen.
16:41 of 2nd period - Stopped by Christopher Gibson without a rebound.
16:42 of 2nd period - Evgeny Svechnikov wins face-off versus Grayson Downing in Manitoba Moose zone.
17:06 of 2nd period - Minor Penalty to Chris Neil for Holding.
17:07 of 2nd period - Evgeny Svechnikov wins face-off versus Matt Beleskey in Manitoba Moose zone.
17:08 of 2nd period - Wrist shot by Mikhail Sergachev.
17:08 of 2nd period - Shot Hit the Post.
17:10 of 2nd period - Backhand shot by Evgeny Svechnikov.
17:10 of 2nd period - Stopped by Christopher Gibson with a rebound.
17:12 of 2nd period - Wrist shot by Will O'Neill.
17:12 of 2nd period - Deflect By Evgeny Svechnikov.
17:12 of 2nd period - Stopped by Christopher Gibson without a rebound.
17:13 of 2nd period - Matt Beleskey wins face-off versus Mitchell Heard in Manitoba Moose zone.
17:26 of 2nd period - Slapshot by Mikhail Sergachev.
17:26 of 2nd period - Goal by Mikhail Sergachev - Manitoba Moose : 2 - Toronto Marlies : 2.
17:27 of 2nd period - Ryan Craig wins face-off versus Mitchell Heard in neutral zone.
17:42 of 2nd period - Snap shot by Justin Fontaine.
17:42 of 2nd period - Shot Hit the Post.
18:21 of 2nd period - Slapshot by Mikhail Sergachev.
18:21 of 2nd period - Deflect By Josh Archibald.
18:21 of 2nd period - Stopped by Christopher Gibson with a rebound.
18:23 of 2nd period - Slapshot by Mikhail Sergachev.
18:23 of 2nd period - Stopped by Christopher Gibson with a rebound.
18:25 of 2nd period - Slapshot by Michael Mersch.
18:25 of 2nd period - Shot Blocked by Adam Pardy.
18:47 of 2nd period - Icing by Kyle Schempp.
18:48 of 2nd period - Ryan Hamilton wins face-off versus Kyle Schempp in Toronto Marlies zone.
19:34 of 2nd period - Snap shot by Jason Dickinson.
19:34 of 2nd period - Stopped by Eddie Pasquale without a rebound.
19:35 of 2nd period - Jason Dickinson wins face-off versus Josh Archibald in Toronto Marlies zone.
Goals for this period are 1 for Manitoba Moose vs 2 for Toronto Marlies.
Shots for this period are 18 for Manitoba Moose vs 9 for Toronto Marlies.

3rd period


0:01 of 3rd period - Mitchell Heard wins face-off versus Ryan Craig in neutral zone.
0:08 of 3rd period - Snap shot by Nicklas Jensen.
0:08 of 3rd period - Shot Blocked by Jyrki Jokipakka.
0:10 of 3rd period - Snap shot by Mitchell Heard.
0:10 of 3rd period - Shot Blocked by Jyrki Jokipakka.
0:12 of 3rd period - Snap shot by Will O'Neill.
0:12 of 3rd period - Stopped by Christopher Gibson with a rebound.
0:14 of 3rd period - Snap shot by Nicklas Jensen.
0:14 of 3rd period - Stopped by Christopher Gibson with a rebound.
0:16 of 3rd period - Snap shot by Evgeny Svechnikov.
0:16 of 3rd period - Stopped by Christopher Gibson without a rebound.
0:17 of 3rd period - Kyle Schempp wins face-off versus Ryan Garbutt in Manitoba Moose zone.
0:29 of 3rd period - Mikhail Sergachev is hit by Brian Lashoff.
0:48 of 3rd period - Jyrki Jokipakka is hit by Evgeny Svechnikov and loses puck.
1:48 of 3rd period - Matt Lorito is hit by Brent Regner and loses puck.
2:19 of 3rd period - Snap shot by Jyrki Jokipakka.
2:19 of 3rd period - Shot Blocked by Will O'Neill.
2:47 of 3rd period - Snap shot by Derek Dorsett.
2:47 of 3rd period - Shot Blocked by Mikhail Sergachev.
3:21 of 3rd period - Adam Pardy is hit by Ryan Horvat and loses puck.
3:34 of 3rd period - Dennis Robertson is hit by Chris Neil and loses puck.
4:43 of 3rd period - Minor Penalty to Ryan Stanton for Tripping.
4:44 of 3rd period - Nicklas Jensen wins face-off versus Ryan Craig in Toronto Marlies zone.
4:44 of 3rd period - Nicklas Jensen is hit by Ryan Craig.
5:17 of 3rd period - Evgeny Svechnikov is hit by Jyrki Jokipakka and loses puck.
5:30 of 3rd period - Mikhail Sergachev is hit by Brian Lashoff and loses puck.
6:03 of 3rd period - Snap shot by Matt Frattin.
6:03 of 3rd period - Shot Misses the Net.
6:05 of 3rd period - Snap shot by Matt Frattin.
6:05 of 3rd period - Shot Misses the Net.
6:07 of 3rd period - Wrist shot by Jyrki Jokipakka.
6:07 of 3rd period - Shot Blocked by Mitchell Heard.
6:09 of 3rd period - Slapshot by Matt Frattin.
6:09 of 3rd period - Stopped by Eddie Pasquale without a rebound.
6:10 of 3rd period - Nicklas Jensen wins face-off versus Ryan Craig in Toronto Marlies zone.
6:19 of 3rd period - Snap shot by Matt Beleskey.
6:19 of 3rd period - Deflect By Justin Fontaine.
6:19 of 3rd period - Goal by Justin Fontaine - Manitoba Moose : 3 - Toronto Marlies : 2.
6:20 of 3rd period - Ryan Craig wins face-off versus Mitchell Heard in neutral zone.
6:52 of 3rd period - Snap shot by Michael Mersch.
6:52 of 3rd period - Shot Blocked by Nate Guenin.
6:54 of 3rd period - Wrist shot by Michael Mersch.
6:54 of 3rd period - Shot Blocked by Derek Dorsett.
6:56 of 3rd period - Wrist shot by Kyle Schempp.
6:56 of 3rd period - Shot Misses the Net.
6:58 of 3rd period - Wrist shot by Kyle Schempp.
6:58 of 3rd period - Stopped by Christopher Gibson with a rebound.
7:12 of 3rd period - Snap shot by Matt Lorito.
7:12 of 3rd period - Shot Misses the Net.
8:15 of 3rd period - Matt Lorito is hit by Ryan Horvat and loses puck.
10:56 of 3rd period - Slapshot by Jyrki Jokipakka.
10:56 of 3rd period - Stopped by Eddie Pasquale without a rebound.
10:57 of 3rd period - Jason Dickinson wins face-off versus Kyle Schempp in Toronto Marlies zone.
11:10 of 3rd period - Wrist shot by Brandon Tanev.
11:10 of 3rd period - Stopped by Eddie Pasquale with a rebound.
12:23 of 3rd period - Wrist shot by Chris Neil.
12:23 of 3rd period - Stopped by Eddie Pasquale without a rebound.
12:24 of 3rd period - Mitchell Heard wins face-off versus Jason Dickinson in Toronto Marlies zone.
12:40 of 3rd period - Off-side.
12:41 of 3rd period - Ryan Craig wins face-off versus Mitchell Heard in neutral zone.
12:44 of 3rd period - Wrist shot by Justin Fontaine.
12:44 of 3rd period - Stopped by Eddie Pasquale with a rebound.
13:37 of 3rd period - Snap shot by Michael Mersch.
13:37 of 3rd period - Goal by Michael Mersch - Manitoba Moose : 3 - Toronto Marlies : 3.
13:38 of 3rd period - Mitchell Heard wins face-off versus Ryan Craig in neutral zone.
14:08 of 3rd period - Slapshot by Mikhail Sergachev.
14:08 of 3rd period - Stopped by Christopher Gibson with a rebound.
14:18 of 3rd period - Kyle Schempp is hit by Matt Lorito and loses puck.
14:49 of 3rd period - Ryan Horvat is hit by Derek Dorsett and loses puck.
15:08 of 3rd period - Brandon Gormley is hit by Dennis Robertson and loses puck.
15:34 of 3rd period - Kyle Schempp is hit by Brandon Gormley and loses puck.
17:15 of 3rd period - Wrist shot by Grayson Downing.
17:15 of 3rd period - Shot Blocked by Mikhail Sergachev.
18:26 of 3rd period - Icing by Matt Lorito.
18:27 of 3rd period - Ryan Garbutt wins face-off versus Kyle Schempp in Manitoba Moose zone.
18:36 of 3rd period - Wrist shot by Matt Lorito.
18:36 of 3rd period - Stopped by Eddie Pasquale with a rebound.
18:56 of 3rd period - Michael Mersch is hit by Brandon Gormley and loses puck.
Goals for this period are 1 for Manitoba Moose vs 1 for Toronto Marlies.
Shots for this period are 7 for Manitoba Moose vs 6 for Toronto Marlies.

Overtime #1


0:01 of 1st overtime period - Matt Beleskey wins face-off versus Nicklas Jensen in neutral zone.
0:06 of 1st overtime period - Snap shot by Justin Fontaine.
0:06 of 1st overtime period - Stopped by Eddie Pasquale with a rebound.
0:16 of 1st overtime period - Snap shot by Matt Beleskey.
0:16 of 1st overtime period - Goal by Matt Beleskey - Manitoba Moose : 4 - Toronto Marlies : 3.
Goals for this period are 1 for Manitoba Moose vs 0 for Toronto Marlies.
Shots for this period are 2 for Manitoba Moose vs 0 for Toronto Marlies.